 Dungeon Crawl Stone Soup version 0.31-a0-675-g238779eb0a (webtiles) character file.

Game seed: 12001395746516002973

40 qw the Shooter (level 3, -8/22 HPs)
             Began as a Gargoyle Hunter on Sept 5, 2023.
             Mangled by an ogre
             ... wielding a +0 giant club
              (30 damage)
             ... on level 2 of the Dungeon.
             The game lasted 00:00:25 (670 turns).

qw the Shooter (Gargoyle Hunter)                     Turns: 670, Time: 00:00:25

Health: -8/22      AC:  6    Str: 14    XL:     3   Next: 50%
Magic:  3/3        EV: 11    Int:  9    God:
Gold:   28         SH:  0    Dex: 15    Spells: 2/2 levels left

rFire   . . .        Y - +0 shortbow
rCold   . . .        (shield currently unavailable)
rNeg    + . .        c - +0 leather armour
rPois   inf          (no helmet)
rElec   +            (no cloak)
rCorr   .            (no gloves)
SInv    .            (no boots)
Will    .....        (no amulet)
Stlth   ++           (no ring)
HPRegen 0.23/turn    (no ring)
MPRegen 0.08/turn

%: no passive effects
@: no status effects
A: sickness immunity, AC +3, negative energy resistance 1, electricity
resistance, torment resistance 1, petrification resistance
a: no special abilities


You were on level 2 of the Dungeon.
You visited 1 branch of the dungeon, and saw 2 of its levels.

You collected 28 gold pieces.


Innate Abilities, Weirdness & Mutations

You are immune to sickness and miasma.
Your stone body is resilient. (AC +3)
You are immune to poison.
You resist negative energy. (rN+)
You are resistant to electric shocks. (rElec)
You are resistant to unholy torment.
You are immune to petrification.


   Skills:
 + Level 2.6 Fighting
 - Level 5.0 Ranged Weapons
 - Level 1.5 Dodging
 - Level 1.1 Stealth


You had 2 spell levels left.
You didn't know any spells.
Your spell library was empty.

Inventory:

Hand Weapons
 Y - a +0 shortbow (weapon)
Armour
 c - a +0 leather armour (worn)
Scrolls
 f - a scroll of identify
Potions
 g - a potion of curing {unknown}
 h - a potion of berserk rage {unknown}

Dungeon Overview and Level Annotations

Branches:
Dungeon (2/15)

Altars:


Message History

A quokka is nearby!
Waypoint 1 assigned to D:2.
You shoot an arrow. The arrow hits the quokka.
The quokka is moderately wounded.
You shoot an arrow. The arrow misses the quokka.
You shoot an arrow. The arrow hits the quokka.
You kill the quokka!
You see here a quokka corpse.
You feel your willpower return.
Found a stone staircase leading down.
An endoplasm comes into view.
The endoplasm quivers.
You shoot an arrow. The arrow hits the endoplasm.
The endoplasm is heavily wounded.
You shoot an arrow. The arrow hits the endoplasm!
You kill the endoplasm!
An endoplasm comes into view.
The endoplasm quivers.
You shoot an arrow.
The arrow hits the endoplasm but does no damage.
You shoot an arrow. The arrow hits the endoplasm.
The endoplasm is lightly wounded.
You shoot an arrow.
The arrow hits the endoplasm but does no damage.
The endoplasm is lightly wounded.
You shoot an arrow. The arrow hits the endoplasm.
The endoplasm is moderately wounded.
You shoot an arrow. The arrow hits the endoplasm!
You kill the endoplasm!
An ogre comes into view. It is wielding a +0 giant club.
You shoot an arrow.
The arrow hits the ogre but does no damage.
The ogre shouts!
You shoot an arrow. The arrow hits the ogre.
The ogre is moderately wounded.
The ogre barely misses you.
You shoot an arrow. The arrow hits the ogre.
The ogre is moderately wounded.
The ogre hits you with a +0 giant club!!
Ouch! That really hurt!
You die...

####### ......# #####.#
+# # #.# .# #
#.######### .#
#####.#.......###O#
#...#.#.#####...@.#
#.#.#.........>.........
#.#...#.################
#.#####.##.....%<.......
#.......##.############.
##########.#
...........#
############


You could see an ogre.

Vanquished Creatures
  A dart slug (D:1)
  5 endoplasms
  2 giant cockroaches (D:1)
  5 goblins (D:1)
  2 hobgoblins (D:1)
  6 jackals (D:1)
  2 quokkas
  A ball python (D:1)
  2 bats (D:1)
  A frilled lizard (D:1)
  3 kobolds (D:1)
  A rat (D:1)
31 creatures vanquished.

Notes
Turn   | Place    | Note
-------+----------+-------------------------------------------
     0 | D:1      | qw the Gargoyle Hunter began the quest for the Orb.
     0 | D:1      | Reached XP level 1. HP: 12/12 MP: 1/1
     0 | D:1      | 0 ||| qw: Version: 0.3-a-75-g829b12e
     0 | D:1      | 0 ||| qw: Game counter: 203
     0 | D:1      | 0 ||| qw: Melee chars always use a shield: true
     0 | D:1      | 0 ||| qw: God list: Okawaru
     0 | D:1      | 0 ||| qw: Allow faded altars: false
     0 | D:1      | 0 ||| qw: Do Orc after clearing Dungeon:15 true
     0 | D:1      | 0 ||| qw: Do second Lair branch before Depths: true
     0 | D:1      | 0 ||| qw: Lair rune preference: random
     0 | D:1      | 0 ||| qw: Goals: Normal
     0 | D:1      | 0 ||| PLANNING D:1-11
   105 | D:1      | Reached XP level 2. HP: 17/17 MP: 2/2
   273 | D:1      | Reached XP level 3. HP: 8/21 MP: 3/3
   349 | D:1      | Reached skill level 5 in Ranged Weapons
   559 | D:1      | 559 ||| READING scroll labelled ZIASEX UNOFAP.
   563 | D:1      | 563 ||| READING 2 scrolls labelled ZIUPTY XEUM.
   564 | D:1      | 564 ||| READING 2 scrolls labelled HEHAABLIOT.
   565 | D:1      | 565 ||| DROPPING scroll of butterflies.
   566 | D:1      | 566 ||| DROPPING scroll of vulnerability.
   667 | D:2      | Noticed an ogre
   670 | D:2      | Mangled by an ogre

Levels and vault maps discovered:
D:1:      saegor_arrival_miasma, layout_rooms
D:2:      wad_crossroads, layout_basic, serial_shops, shop, minmay_tetromino_l2

Skill      XL: |  1  2  3 |
---------------+----------+-----
Ranged Weapons | 5 |  5.0
Fighting       | |  2.6
Dodging        | |  1.5
Stealth        | |  1.1

Action                     || total
---------------------------++-------
   Fire: Shortbow          ||   125
    Use: Scroll            ||     3
 Armour: Leather armour    ||    67
  Dodge: Dodged            ||    76

Table legend:
 A = Non-vault XP
 B = Vault XP
 C = Vault XP percentage of total XP
 D = Non-vault monster count
 E = Vault monster count
 F = Vault count percentage of total count
                 A         B        C        D         E       F
            +---------+---------+-------+---------+---------+-------
      Total |      58 |       0 |   0.0 |      31 |       0 |   0.0
            +---------+---------+-------+---------+---------+-------
        D:1 |      52 |       0 |   0.0 |      28 |       0 |   0.0
        D:2 |       6 |       0 |   0.0 |       3 |       0 |   0.0
            +---------+---------+-------+---------+---------+-------
